 Dungeon Crawl Stone Soup version 0.28.0-62-gf88900778d (webtiles) character file.

Game seed: 2978292127884166211

116 cbfl8 the Cudgeller (level 5, -8/49 HPs)
             Began as a Gargoyle Berserker on Aug 13, 2023.
             Was a Believer of Trog.
             Mangled by an iron imp (9 damage)
             ... summoned by Eustachio
             ... on level 4 of the Dungeon.
             The game lasted 00:02:43 (3410 turns).

cbfl8 the Cudgeller (Gargoyle Berserker)            Turns: 3410, Time: 00:02:43

Health: -8/49      AC:  9    Str: 20    XL:     5   Next: 0%
Magic:  0/5        EV: 11    Int:  8    God:    Trog [**....]
Gold:   89         SH:  0    Dex: 11    Spells: 4/4 levels left

rFire   + . .      SeeInvis .   a - +0 mace
rCold   . . .      Faith    .   (no shield)
rNeg    + . .      Spirit   +   l - +0 ring mail
rPois   ∞          Reflect  .   (no helmet)
rElec   +          Harm     .   (no cloak)
rCorr   .          Rampage  .   (no gloves)
Will    .....                   (no boots)
Stlth   ..........              k - amulet of guardian spirit
HPRegen 0.16/turn               h - ring of protection from fire
MPRegen 0.09/turn               (no ring)

@: berserking (expiring), very quick
A: sickness immunity, AC +4, negative energy resistance 1, electricity
resistance, torment resistance 1, petrification resistance
a: Renounce Religion, Berserk, Trog's Hand


You were on level 4 of the Dungeon.
You worshipped Trog.
Trog was pleased with you.
You visited 1 branch of the dungeon, and saw 4 of its levels.

You collected 119 gold pieces.
You spent 30 gold pieces at shops.

Inventory:

Hand Weapons
 a - a +0 mace (weapon)
Armour
 l - a +0 ring mail (worn)
Jewellery
 h - a ring of protection from fire (left hand)
 k - an amulet of guardian spirit (around neck)
Scrolls
 c - a scroll of silence
 f - a scroll of fear
 g - a scroll of noise
 i - 3 scrolls of teleportation
Potions
 d - a potion of heal wounds {unknown}
 j - 2 potions of cancellation {unknown}


   Skills:
 + Level 4.0 Fighting
 + Level 4.4 Maces & Flails
 + Level 2.4 Armour
 - Level 1.5 Dodging
 + Level 1.0 Stealth
 * Level 1.4 Evocations


You had 4 spell levels left.
You didn't know any spells.
Your spell library was empty.

Dungeon Overview and Level Annotations

Branches:
Dungeon (4/15)
 Temple: D:4-7

Altars:
Gozag
Hepliaklqana
Okawaru

Shops:
D:3 *

Annotations:
D:4 Eustachio


Innate Abilities, Weirdness & Mutations

You are immune to sickness and miasma.
Your stone body is resilient. (AC +4)
You are immune to poison.
You resist negative energy. (rN+)
You are resistant to electric shocks. (rElec)
You are resistant to unholy torment.
You are immune to petrification.


Message History

Unknown command.
You are too injured to fight recklessly!
You sock Eustachio!
Eustachio is heavily wounded.
The gnoll barely misses you. Eustachio hits you with a +0 rapier.
The quasit closely misses you.
The quasit claws you but does no damage.
The quasit barely misses you. The gnoll misses you.
You closely miss Eustachio.
Eustachio is heavily wounded.
The gnoll hits you but does no damage. The iron imp barely misses you.
The gnoll closely misses you.
The quasit bites you but does no damage.
The quasit claws you but does no damage.
The quasit closely misses you. Eustachio hits you with a +0 rapier.
* * * LOW HITPOINT WARNING * * *
You closely miss Eustachio.
Eustachio is heavily wounded.
The gnoll hits you from afar with a +0 spear.
* * * LOW HITPOINT WARNING * * *
The gnoll hits you with a +0 whip.
* * * LOW HITPOINT WARNING * * *
The quasit bites you but does no damage.
The quasit claws you but does no damage. x2
The gnoll closely misses you. The iron imp closely misses you.
You closely miss Eustachio.
Eustachio is heavily wounded.
Eustachio hits you with a +0 rapier.
* * * LOW HITPOINT WARNING * * *
The gnoll hits you from afar with a +0 spear.
* * * LOW HITPOINT WARNING * * *
The quasit barely misses you. The quasit closely misses you.
The quasit claws you but does no damage.
The gnoll misses you.
You hit Eustachio.
Eustachio is severely wounded.
The gnoll closely misses you. Eustachio hits you with a +0 rapier.
* * * LOW HITPOINT WARNING * * *
The iron imp hits you!
You die...

##... #####...# #
.......# ....#.
##...... ._....
##......#..?..#..#
#.....g5##...##...
#.....@gg.......#
.$...(5@#.......#
##......5.....#
#.#...#.......###
##...##.......#
#.##. #.......#
#.. #.##.......#
## #.#........#
#.#.....)..#
#.#........#


You could see Eustachio, an iron imp (summoned), a quasit (summoned), 3 gnolls
and a shadow imp (summoned).

Vanquished Creatures
  An orc wizard (D:3)
  2 adders (D:3)
  2 worms (D:2)
  2 dart slugs
  8 orcs
  4 bats
  6 endoplasms
  3 giant cockroaches (D:2)
  3 hobgoblins
  2 jackals (D:2)
  2 quokkas
  7 ball pythons
  2 goblins
  4 kobolds
  5 rats
53 creatures vanquished.

Notes
Turn   | Place    | Note
-------+----------+-------------------------------------------
     0 | D:1      | cbfl8 the Gargoyle Berserker began the quest for the Orb.
     0 | D:1      | Reached XP level 1. HP: 14/14 MP: 1/1
   672 | D:1      | Reached XP level 2. HP: 15/19 MP: 2/2
  1279 | D:2      | Found a faded altar of an unknown god.
  1541 | D:2      | Reached XP level 3. HP: 16/24 MP: 3/3
  2608 | D:3      | Reached skill level 1 in Evocations
  2608 | D:3      | Reached XP level 4. HP: 29/29 MP: 4/4
  2633 | D:3      | Reached ** piety under Trog
  2688 | D:3      | Found an opulent altar of Gozag.
  2711 | D:3      | Found Ubbumep's General Store.
  2731 | D:3      | Bought a scroll of teleportation for 30 gold pieces
  3145 | D:3      | Found a faded altar of an unknown god.
  3145 | D:3      | Found a faded altar of an unknown god.
  3147 | D:3      | Found a hazy altar of Hepliaklqana.
  3147 | D:3      | Found a faded altar of an unknown god.
  3327 | D:4      | Reached skill level 1 in Stealth
  3328 | D:4      | Reached XP level 5. HP: 26/33 MP: 3/5
  3394 | D:4      | Found an iron altar of Okawaru.
  3394 | D:4      | Noticed Eustachio
  3410 | D:4      | HP: 1/49 [Eustachio/+0 rapier (3)]
  3410 | D:4      | Mangled by an iron imp

Illustrated notes

Levels and vault maps discovered:
D:1:      evilmike_arrival_plus, layout_loops_corners, item_on_display_a
D:2:      layout_basic, serial_aquarium, aquarium_bridge_long_separate
          [aquarium_subvault_balcony, aquarium_subvault_bridge,
          aquarium_subvault_balcony, aquarium_subvault_window,
          aquarium_subvault_wall, aquarium_subvault_bridge],
          aquarium_window_corner, aquarium_window_corridor_3, aquarium_view_2b,
          aquarium_view_2d, aquarium_pool_1, nicolae_ecumenical_pavilion,
          chequers_serial_rivers_micro_d
D:3:      layout_rooms, nicolae_gozag_seed_capital,
          nicolae_hepliaklqana_ecumenical_no_more, serial_shops, shop
D:4:      layout_loops_cross, fiery_altar_vehumet, kennysheep_little_box,
          okawaru_gym_becter, grunt_dithmenos_smoke_and_mirrors,
          minmay_distorted, uniq_pikel, uniq_blork_the_orc, uniq_eustachio

Skill      XL: |  1  2  3  4 |
---------------+-------------+-----
Maces & Flails | 4 |  4.4
Evocations     | 1 |  1.4
Fighting       | 4 |  4.0
Stealth        | 1 |  1.0
Armour         | |  2.4
Dodging        | |  1.5

Action                   |  1- 3 |  4- 6 || total
-------------------------+-------+-------++-------
Melee: Mace              |   124 |    75 ||   199
       Punch             |     2 |       ||     2
Invok: Berserk           |       |     1 ||     1
  Use: Scroll            |     3 |       ||     3
Armor: Animal skin       |    34 |       ||    34
       Ring mail         |    11 |    54 ||    65
Dodge: Dodged            |    97 |    79 ||   176
